 Dungeon Crawl Stone Soup version 0.31.0-32-g396128a36d (webtiles) character file.

Game seed: 5012178528751096346

14 PaiMei the Grave Robber (level 2, -1/20 HPs)
             Began as a Demonspawn Necromancer on Apr 22, 2024.
             Slain by a goblin
             ... wielding a +0 dagger
              (4 damage)
             ... on level 1 of the Dungeon.
             The game lasted 00:00:53 (424 turns).

PaiMei the Grave Robber (Demonspawn Necromancer)     Turns: 424, Time: 00:00:53

Health: -1/20      AC:  2    Str:  8    XL:     2   Next: 27%
Magic:  0/5        EV: 12    Int: 15    God:
Gold:   24         SH:  0    Dex: 13    Spells: 4/5 levels left

rFire   . . .        d - +0 war axe
rCold   . . .        (no shield)
rNeg    . . .        a - +0 robe
rPois   .            (no helmet)
rElec   .            (no cloak)
rCorr   .            (no gloves)
SInv    .            (no boots)
Will    .....        (no amulet)
Stlth   ++           (no ring)
HPRegen 0.23/turn    (no ring)
MPRegen 0.09/turn

%: no passive effects
@: no status effects
A: powered by death 1
a: no special abilities


You were on level 1 of the Dungeon.
You visited 1 branch of the dungeon, and saw 1 of its levels.

You collected 24 gold pieces.

Inventory:

Hand Weapons
 d - a +0 war axe (weapon)
Missiles
 f - 3 poisoned darts (quivered)
Armour
 a - a +0 robe (worn)
Scrolls
 c - a scroll of poison {unknown}
Potions
 b - a potion of magic
 e - a potion of ambrosia {unknown}


   Skills:
 + Level 0.4 Fighting
 + Level 2.0 Dodging
 - Level 2.0 Stealth
 + Level 2.2 Spellcasting
 + Level 4.5 Necromancy


You had 4 spell levels left.
You knew the following spells:

 Your Spells              Type           Power      Damage    Failure   Level
a - Necrotise             Necr           60%        1d7       3%          1

Your spell library contained the following spells:

 Spells                   Type           Power      Damage    Failure   Level
 Vampiric Draining        Necr           15%        2d7       10%         3
 Animate Dead             Necr           15%        N/A       32%         4
 Curse of Agony           Necr           15%        N/A       67%         5


Dungeon Overview and Level Annotations

Branches:
Dungeon (1/15)

Altars:


Innate Abilities, Weirdness & Mutations

You regenerate a little health from kills.


Message History

The endoplasm barely misses your rat skeleton.
You see here a +0 short sword.
Casting: Necrotise (safe; 3% risk of failure)
Confirm with . or Enter, or press ? or * to list all spells.
You can't see any susceptible monsters within range! (Use Z to cast anyway.)
The endoplasm hits your rat skeleton.
Your rat skeleton bites the endoplasm but does no damage.
The endoplasm barely misses your rat skeleton.
A goblin comes into view. It is wielding a +0 dagger.
Casting: Necrotise (safe; 3% risk of failure)
Confirm with . or Enter, or press ? or * to list all spells.
Aiming: Necrotise (safe; 3% risk of failure)
Press: ? - help, Shift-Dir - straight line, f - goblin
Aim: a goblin, wielding a +0 dagger (chance to affect: 85%)
The goblin writhes in agony.
The goblin hits you with a +0 dagger.
* * * LOW HITPOINT WARNING * * *
The goblin hits your rat skeleton with a +2 antimagic dagger.
Your rat skeleton bites the goblin.
Casting: Necrotise (safe; 3% risk of failure)
Confirm with . or Enter, or press ? or * to list all spells.
Aiming: Necrotise (safe; 3% risk of failure)
Press: ? - help, Shift-Dir - straight line, f/p - goblin
Aim: a goblin, wielding a +0 dagger (moderately wounded, chance to affect: 85%)
The goblin barely resists.
The goblin completely misses you.
The goblin hits your rat skeleton with a +2 antimagic dagger.
Your rat skeleton is destroyed!
Casting: Necrotise (safe; 3% risk of failure)
Confirm with . or Enter, or press ? or * to list all spells.
You don't have enough magic to cast this spell.
The goblin misses you.
You barely miss the goblin.
The goblin is moderately wounded.
The goblin hits you but does no damage. The endoplasm misses you.
The goblin hits you with a +0 dagger.
* * * LOW HITPOINT WARNING * * *
You hit the goblin.
The goblin is heavily wounded.
You hit the endoplasm but do no damage. The endoplasm barely misses you.
The goblin hits you with a +0 dagger.
You die...

....................
###.....##..........#
#...(.##..........#
#......#..........#
###...............##
##..♣♣♣............##
##..♣♣
♣♣............##
##..♣♣
♣♣............. ...♣♣
♣♣...g@...# #.♣♣
♣♣...J...# ..♣
♣...#..## ..♣
♣...##g.# ..♣
♣...#...## ..♣
♣...#.#..# ..♣
♣...#.##.# ... ....#$
#)# #.. .##..#. #.#


You could see an endoplasm and 2 goblins.

Vanquished Creatures
  A ball python (D:1)
  A bat (D:1)
  4 hobgoblins (D:1)
  2 kobolds (D:1)
  2 goblins (D:1)
  A rat (D:1)
11 creatures vanquished.

Vanquished Creatures (collateral kills)
  A rat (D:1)
1 creature vanquished.

Grand Total: 12 creatures vanquished

Notes
Turn   | Place    | Note
-------+----------+-------------------------------------------
     0 | D:1      | PaiMei the Demonspawn Necromancer began the quest for the
                  | Orb.
     0 | D:1      | Reached XP level 1. HP: 13/13 MP: 3/3
   236 | D:1      | Gained mutation: You regenerate a little health from kills.
                  | [demonic ancestry]
   236 | D:1      | Reached XP level 2. HP: 8/19 MP: 0/5
   424 | D:1      | Slain by a goblin

Illustrated notes

Levels and vault maps discovered:
D:1:      nagdon_arrival_double_spiral, layout_rooms,
          dilly_ecumenical_altar_fadedgnrine, chequers_hall_statues_y,
          minmay_misc_feat_pillars, minmay_cupped

Skill      XL: |  1 |
---------------+----+-----
Stealth        | 2 |  2.0
Dodging        | 2 |  2.0
Fighting       | |  0.4
Spellcasting   | |  2.2
Necromancy     | |  4.5

Action                     || total
---------------------------++-------
  Melee: War axe           ||    14
   Cast: Necrotise         ||    12
 Armour: Robe              ||    19
  Dodge: Dodged            ||    23
